 Dungeon Crawl Stone Soup version 0.28.0-53-g5a82cb258f (webtiles) character file.

Game seed: 6976411351931973763

51 worthlessgem the Changer (level 3, 0/15 HPs)
             Began as a Felid Transmuter on Aug 23, 2022.
             Succumbed to miscasting Spider Form's poison
             ... on level 2 of the Dungeon.
             The game lasted 00:06:42 (2350 turns).

worthlessgem the Changer (Felid Transmuter)         Turns: 2350, Time: 00:06:43

Health: 0/15       AC:  1    Str:  6    XL:     3   Next: 58%
Magic:  0/7        EV: 17    Int: 16    God:
Gold:   17         SH:  0    Dex: 16    Spells: 2/6 levels left
                                        Lives:  0   Deaths: 0

rFire   . . .      SeeInvis +     - Unarmed
rCold   . . .      Faith    .   (shield unavailable)
rNeg    . . .      Spirit   .   (armour unavailable)
rPois   .          Reflect  .   (helmet unavailable)
rElec   .          Harm     .   (cloak unavailable)
rCorr   .          Rampage  .   (gloves unavailable)
Will    .....                   (boots unavailable)
Stlth   +.........              (no amulet)
HPRegen 0.05/turn               (no ring)
MPRegen 0.10/turn               (no ring)

@: lethally poisoned (0 -> -1), appendages, very slightly contaminated, quick
A: horns 2, very small, claws 1, fangs 3, see invisible, speed 1, shaggy fur 1,
stealthy paws, no weapons or thrown items, no armour, multi-lived
a: End Transformation


You were on level 2 of the Dungeon.
You had temporarily grown beastly horns.
You visited 1 branch of the dungeon, and saw 2 of its levels.

You collected 17 gold pieces.

Inventory:

Missiles
 b - 112 stones
Scrolls
 a - 2 scrolls of immolation {unknown}
 e - a scroll of magic mapping {unknown}
 f - a scroll of blinking {unknown}
Potions
 c - a potion of curing {unknown}
 d - a potion of attraction {unknown}
 g - 2 potions of haste {unknown}
 h - a potion of cancellation {unknown}


   Skills:
 - Level 1.0 Fighting
 - Level 2.6 Dodging
 - Level 3.0 Unarmed Combat
 - Level 2.0 Spellcasting
 + Level 3.5 Transmutations
 - Level 2.0 Poison Magic


You had 2 spell levels left.
You knew the following spells:

 Your Spells              Type           Power      Damage    Failure   Level
a - Beastly Appendage     Tmut           24%        N/A       4%          1
b - Spider Form           Tmut/Pois      10%        N/A       21%         3

Your spell library contained the following spells:

 Spells                   Type           Power      Damage    Failure   Level
 Wereblood                Tmut           12%        N/A       8%          2
 Ice Form                 Ice/Tmut       7%         N/A       69%         4


Dungeon Overview and Level Annotations

Branches:
Dungeon (2/15)

Altars:


Innate Abilities, Weirdness & Mutations

You have temporarily grown beastly horns.
You have sharp claws.
You have razor-sharp teeth.
You have supernaturally acute eyesight. (SInv)
You cover ground quickly. (Speed+)
You are covered in fur. (AC +1)
Your paws help you pounce on unaware monsters.
You are incapable of wielding weapons or throwing items.
You cannot wear armour.
You gain extra lives every three experience levels.


Message History

You miss the adder.
The adder is moderately wounded.
The adder barely misses you.
You closely miss the adder. Your headbutt misses the adder.
The adder is moderately wounded.
The adder completely misses you. The adder misses you.
You scratch the adder. You headbutt the adder.
You kill the adder!
Your transformation is almost over.
Your horns disappear.
You see here an adder corpse.
h - a fuming inky potion
Found a robe.
You see here a +0 robe.
You see here a +0 robe.
Found a stone staircase leading down.
A quokka comes into view.
Casting: Beastly Appendage (safe; 4% risk of failure)
Confirm with . or Enter, or press ? or * to list all spells.
The spell is potentially lethal to miscast (21% risk of failure)!
Continue anyway?
You miscast Spider Form.
You are very lightly contaminated with residual magic.
Nothing appears to happen.
Casting: Spider Form (potentially lethal; 21% risk of failure)
Confirm with . or Enter, or press ? or * to list all spells.
The spell is potentially lethal to miscast (21% risk of failure)!
Continue anyway?
You miscast Spider Form.
You feel incredibly sick!
You are poisoned.
Ouch! That really hurt!
You feel sick.
You feel sick.
You feel sick.
You see here an adder corpse.
Casting: Spider Form (potentially lethal; 21% risk of failure)
Confirm with . or Enter, or press ? or * to list all spells.
You grow a pair of large bovine horns.
You feel sick. The quokka bites you.
* * * LOW HITPOINT WARNING * * *
You miss the quokka.
You headbutt the quokka, but do no damage.
You die...

#.# #.... ... ... .#
#.# .# #.# .# #.# #.#
#.######## #.#
#######.#......######
#.#
#....@r.............#
#.#
#.#####.#......####.#
..# #.#
#...........#.# ..#
#.#####..########.#.#
..# #.†...#..####
#.#.# ..#
#########†#.....#
#[#.# ..###
#.........#.....#
#.#.# ....#
#.###....##.....#
#.#.# .>..####.#
#....##.....# #.#.#


You could see a quokka.

Vanquished Creatures
  An adder (D:2)
  A worm (D:2)
  An endoplasm (D:1)
  2 giant cockroaches (D:1)
  4 goblins
  7 hobgoblins
  2 jackals (D:2)
  A kobold (D:2)
  A quokka (D:1)
  5 ball pythons
  4 bats
  3 frilled lizards
  2 rats (D:1)
  A spectral goblin (D:1)
35 creatures vanquished.

Notes
Turn   | Place    | Note
-------+----------+-------------------------------------------
     0 | D:1      | worthlessgem the Felid Transmuter began the quest for the
                  | Orb.
     0 | D:1      | Reached XP level 1. HP: 9/9 MP: 4/4
   559 | D:1      | Reached XP level 2. HP: 11/12 MP: 4/6
   562 | D:1      | Reached skill level 1 in Poison Magic
  1024 | D:1      | Found a faded altar of an unknown god.
  1925 | D:2      | Reached XP level 3. HP: 13/15 MP: 5/7
  1929 | D:2      | Learned a level 3 spell: Spider Form
  2350 | D:2      | Succumbed to miscasting Spider Form's poison

Illustrated notes

Levels and vault maps discovered:
D:1:      dpeg_arrival_concentric_ovals, layout_loops_corners,
          dreamdust_ecumenical_altar_drowned_temple
D:2:      layout_basic

Skill      XL: |  1  2  3 |
---------------+----------+-----
Poison Magic   | 1 2 |  2.0
Transmutations | 3 |  3.5
Fighting       | |  1.0
Dodging        | |  2.6
Unarmed Combat | |  3.0
Spellcasting   | |  2.0

Action                   || total
-------------------------++-------
Melee: Unarmed           ||    85
       Bite              ||    10
       Headbutt          ||    12
       Punch             ||     2
 Cast: Beastly Appendage ||    24
       Spider Form       ||     1
Armor: Skin              ||     5
Dodge: Dodged            ||    63
